 Dungeon Crawl Stone Soup version 0.18.1-6-gd335043 (webtiles) character file.

6192 Scarto the Fighter (level 10, -10/73 HPs)
             Began as a Demonspawn Fighter on May 20, 2016.
             Was a Priest of Makhleb.
             Mangled by a hill giant
             ... wielding a +0 giant club
              (31 damage)
             ... on level 10 of the Dungeon.
             The game lasted 00:20:56 (7875 turns).

Scarto the Fighter (Demonspawn Fighter)             Turns: 7875, Time: 00:20:57

Health: -10/73     AC: 15    Str: 22 (23) XL:     10   Next: 60%
Magic:  11/11      EV:  5    Int: 10 (11) God:    Makhleb [***...]
Gold:   437        SH: 17    Dex: 12      Spells: 0 memorised, 9 levels left

rFire  + . .     SeeInvis .     a - +5 war axe
rCold  + + .     Gourm    .     f - +0 chain mail
rNeg   . . .     Faith    .     c - +1 shield
rPois  +         Spirit   .     b - +0 helmet "Jysas" {+Inv MR- Regen+}
rElec  +         Dismiss  .     (no cloak)
rCorr  +         Reflect  +     (no gloves)
SustAt .         Harm     .     (no boots)
MR     .....                    h - +5 amulet of reflection
Stlth  ..........               s - +4 ring of strength
                                g - ring of stealth

@: resistant, not resistant to hostile enchantments, extremely unstealthy
A: claws 2, talons 1, icy blue scales 2, blurry vision 2, cold resistance 1,
demonic guardian 1, deterioration 1, frail 1, high mp 1, magic resistance 1,
powered by death 1, evolution 1
a: Minor Destruction, Lesser Servant of Makhleb, Renounce Religion, Evoke
Invisibility


You were on level 10 of the Dungeon.
You worshipped Makhleb.
Makhleb was most pleased with you.
You were not hungry.

You visited 1 branch of the dungeon, and saw 10 of its levels.

You collected 437 gold pieces.

Inventory:

Hand Weapons
 a - a +5 war axe (weapon)
 e - a +2 flail of protection
Missiles
 D - 10 tomahawks (quivered)
Armour
 b - the +0 helmet "Jysas" (worn) {+Inv MR- Regen+}
   (You found it on level 5 of the Dungeon)

   It affects your resistance to hostile enchantments.
   It lets you turn invisible.
   It increases your rate of regeneration.
 c - a +1 shield (worn)
 f - a +0 chain mail (worn)
Jewellery
 g - a ring of stealth (left claw)
 h - a +5 amulet of reflection (around neck)
 s - a +4 ring of strength (right claw)
Wands
 m - a wand of digging (1/24)
 A - a wand of iceblast (11/15)
 B - a wand of polymorph (12/24)
Scrolls
 i - 3 scrolls of enchant armour
 k - a scroll of magic mapping
 n - 8 scrolls of remove curse
 v - 2 scrolls of teleportation
 y - a scroll of recharging
 z - a scroll of amnesia
 C - a scroll of fog {unknown}
 G - a scroll of blinking
Potions
 d - a potion of resistance
 l - a potion of lignification
 o - 6 potions of agility
 p - 3 potions of curing
 r - a potion of cure mutation
 t - a potion of haste
 u - a potion of heal wounds {unknown}
 H - a potion of might
 I - 2 potions of magic {unknown}
Books
 F - a book of Annihilations

   Spells                             Type                      Level
   a - Poison Arrow                   Conjuration/Poison           6
   b - Chain Lightning                Conjuration/Air              8
   c - Lehudib's Crystal Spear        Conjuration/Earth            8
   d - Glaciate                       Conjuration/Ice              9
   e - Fire Storm                     Conjuration/Fire             9
Comestibles
 j - 5 meat rations
 q - a royal jelly
 w - 9 bread rations
 x - 8 slices of pizza
 E - 2 chunks of flesh


   Skills:
 + Level 8.9 Fighting
 + Level 7.3 Axes
 + Level 7.8 Armour
 + Level 8.1 Shields


You had 9 spell levels left.
You didn't know any spells.

Dungeon Overview and Level Annotations

Branches:
Dungeon (10/15)            Temple (0/1) D:4            Lair (0/8) D:9
    Orc: D:9-12

Altars:
Ashenzari
Dithmenos
Fedhas
Gozag
Makhleb
Pakellas
Trog
Vehumet
Xom

Shops:
D:5 :

Annotations:
D:10 Fannar, Grum


Innate Abilities, Weirdness & Mutations

You have very sharp fingernails.
You are mostly covered in icy blue scales (AC +3, EV -1).
A weak demonic guardian rushes to your aid.
You regenerate a little health from kills.
You have sharp toenails.
Scrolls take you longer to read.
Your flesh is cold resistant.
Your body sometimes deteriorates upon taking damage.
You are frail (-10% HP).
You have an increased reservoir of magic (+10% MP).
You are resistant to hostile enchantments.
You evolve.


Message History

The hill giant hits you with a giant club!
Your body deteriorates!
You feel weakened. The scorpion stings you.
You hit the hill giant.
You claw the hill giant, but do no damage.
The hill giant is heavily wounded.
You hit the scorpion.
You kill the scorpion!
Makhleb accepts your kill.
You feel better.
The hill giant hits you with a giant club!
* * * LOW HITPOINT WARNING * * *
You slash the hill giant!
You claw the hill giant, but do no damage.
The hill giant is severely wounded.
The hill giant hits you but does no damage.
You slash the hill giant!
The hill giant is almost dead.
The hill giant hits you with a giant club!!
You die...

#...........
#...........
#.....<.....
#...........
#...........
#...........
#...C.......
#...@.......
#....†......
#...........
#...........
#...........
#...........
#...........
#...........


You could see a hill giant.

Vanquished Creatures
  Harold (D:10)
  Pikel (D:5)
  The ghost of Kite the Geomancer, a novice GrEE (D:7)
  A troll (D:9)
  Sigmund (D:5)
  The ghost of M4edhros the Chopper, an amateur MiBe of Trog (D:5)
  A hungry ghost (D:9)
  5 humans (D:6)
  Menkaure (D:5)
  2 hell hounds (D:9)
  3 water moccasins
  2 slaves (D:5)
  2 orc warriors
  3 sky beasts
  3 ogres
  A centaur (D:7)
  2 big kobolds
  7 giant frogs
  A wyvern zombie (D:9)
  A wyvern skeleton (D:8)
  3 scorpions
  A howler monkey (D:5)
  3 crimson imps
  A giant frog zombie (D:9)
  6 hounds
  2 jellies
  6 orc priests
  A centaur skeleton (D:8)
  5 orc wizards
  Natasha (thrice) (D:3)
  An iguana (D:8)
  4 worker ants
  A hound skeleton (D:5)
  A worker ant zombie (D:8)
  6 adders
  4 gnolls (D:3)
  2 shadow imps
  2 oozes
  2 adder zombies
  An adder skeleton (D:6)
  4 worms
  3 dart slugs
  8 giant geckos
  22 orcs
  5 bats
  5 giant cockroaches
  5 goblins
  6 hobgoblins
  3 jackals (D:8)
  5 quokkas
  6 giant newts
  A jackal skeleton (D:7)
  26 kobolds
  11 rats
205 creatures vanquished.

Vanquished Creatures (collateral kills)
  An orc warrior (D:9)
  A sky beast (D:5)
  A crimson imp (D:5)
  2 orc priests
  2 orc wizards
  A dart slug (D:5)
  An orc (D:4)
9 creatures vanquished.

Vanquished Creatures (others)
  A slave (D:5)
  A centaur (D:8)
  A worm (D:5)
3 creatures vanquished.

Grand Total: 217 creatures vanquished

Notes
Turn   | Place    | Note
--------------------------------------------------------------
     0 | D:1      | Scarto the Demonspawn Fighter began the quest for the Orb.
     0 | D:1      | Reached XP level 1. HP: 18/18 MP: 1/1
   182 | D:1      | Gained mutation: You regenerate a little health from kills. [demonic ancestry]
   182 | D:1      | Reached XP level 2. HP: 24/24 MP: 2/2
   503 | D:1      | Gained mutation: You are partially covered in icy blue scales (AC +1). [demonic ancestry]
   503 | D:1      | Reached XP level 3. HP: 29/29 MP: 3/3
   820 | D:2      | Found an oddly glowing altar of Pakellas.
   903 | D:2      | Found a blossoming altar of Fedhas.
  1025 | D:2      | Reached XP level 4. HP: 28/37 MP: 4/4
  1931 | D:3      | Noticed Natasha
  1942 | D:3      | Killed Natasha
  1942 | D:3      | Gained mutation: A weak demonic guardian rushes to your aid. [demonic ancestry]
  1942 | D:3      | Reached XP level 5. HP: 17/42 MP: 5/5
  2003 | D:3      | Noticed Natasha
  2017 | D:3      | Killed Natasha
  2048 | D:3      | Found a burning altar of Makhleb.
  2070 | D:3      | Became a worshipper of Makhleb the Destroyer
  2143 | D:3      | Gained mutation: You have sharp fingernails. [demonic ancestry]
  2143 | D:3      | Reached XP level 6. HP: 39/49 MP: 6/6
  2222 | D:3      | Noticed Natasha
  2230 | D:3      | Killed Natasha
  2760 | D:4      | Found a staircase to the Ecumenical Temple.
  2920 | D:4      | Reached * piety under Makhleb
  2920 | D:4      | Reached skill level 5 in Fighting
  3365 | D:5      | Entered Level 5 of the Dungeon
  3402 | D:5      | Reached XP level 7. HP: 56/56 MP: 7/7
  3494 | D:5      | Noticed Pikel
  3518 | D:5      | Killed Pikel
  3518 | D:5      | Reached skill level 5 in Shields
  3518 | D:5      | Reached XP level 8. HP: 54/64 MP: 8/8
  3837 | D:5      | Found Balint's Book Shoppe.
  3870 | D:5      | Got a bloodstained helmet
  3876 | D:5      | Identified the +0 helmet "Jysas" {+Inv MR- Regen+} (You found it on level 5 of the Dungeon)
  3950 | D:5      | Found a shattered altar of Ashenzari.
  3957 | D:5      | Found an opulent altar of Gozag.
  3961 | D:5      | Noticed M4edhros's ghost (amateur MiBe)
  3961 | D:5      | Noticed Sigmund
  4001 | D:5      | Killed M4edhros's ghost
  4001 | D:5      | Reached skill level 5 in Armour
  4018 | D:5      | Killed Sigmund
  4018 | D:5      | Reached skill level 5 in Axes
  4242 | D:5      | Noticed Menkaure
  4249 | D:5      | Killed Menkaure
  4744 | D:6      | Reached ** piety under Makhleb
  4819 | D:6      | Gained mutation: You are mostly covered in icy blue scales (AC +3, EV -1). [demonic ancestry]
  4819 | D:6      | Reached XP level 9. HP: 72/72 MP: 9/9
  4978 | D:6      | Gained mutation: Your flesh is cold resistant. [potion of mutation]
  4978 | D:6      | Gained mutation: You are resistant to hostile enchantments. [potion of mutation]
  4978 | D:6      | Gained mutation: You evolve. [potion of mutation]
  4979 | D:6      | Gained mutation: Scrolls take you a little longer to read. [potion of mutation]
  4979 | D:6      | Gained mutation: You have an increased reservoir of magic (+10% MP). [potion of mutation]
  5338 | D:7      | Noticed Kite's ghost (novice GrEE)
  5355 | D:7      | Killed Kite's ghost
  5539 | D:7      | Reached *** piety under Makhleb
  5845 | D:7      | Found a shadowy altar of Dithmenos.
  6444 | D:8      | Found a shimmering altar of Xom.
  6446 | D:8      | Gained mutation: You have very sharp fingernails. [demonic ancestry]
  6446 | D:8      | Reached XP level 10. HP: 80/80 MP: 11/11
  6580 | D:8      | Gained mutation: You have sharp toenails. [mutagenic meat]
  6582 | D:8      | Gained mutation: Your body sometimes deteriorates upon taking damage. [mutagenic meat]
  6596 | D:8      | You fall through a shaft for 2 floors!
  6596 | D:10     | Entered Level 10 of the Dungeon
  6600 | D:10     | Noticed Fannar
  6612 | D:10     | Noticed Harold
  6710 | D:9      | Found a staircase to the Lair.
  7315 | D:8      | Found a bloodstained altar of Trog.
  7691 | D:9      | Found a radiant altar of Vehumet.
  7808 | D:10     | Killed Harold
  7852 | D:10     | Noticed Grum
  7859 | D:10     | Gained mutation: You are frail (-10% HP). [a neqoxec]
  7862 | D:10     | Gained mutation: Scrolls take you longer to read. [a neqoxec]
  7866 | D:10     | Noticed a hill giant
  7875 | D:10     | Mangled by a hill giant

Skill      XL: |  1  2  3  4  5  6  7  8  9 10 |
---------------+-------------------------------+-----
Axes           | 2 3 4 5 6 7 |  7.3
Armour         | 3 4 5 6 7 |  7.8
Shields        | 3 4 5 6 7 8 |  8.1
Fighting       | 4 5 6 7 8 |  8.9

Action                   |  1- 3 |  4- 6 |  7- 9 | 10-12 || total
-------------------------+-------+-------+-------+-------++-------
Melee: War axe           |   121 |   229 |   338 |   153 ||   841
       Kick              |       |       |       |    49 ||    49
Throw: Tomahawk          |       |       |       |     7 ||     7
Invok: Lesser Servant of |       |       |       |     1 ||     1
  Use: Scroll            |     8 |     4 |     9 |     4 ||    25
       Potion            |       |     1 |     4 |     2 ||     7
 Stab: Distracted        |       |     1 |     1 |       ||     2
  Eat: Bread ration      |       |     1 |       |       ||     1
       Chunk             |       |     1 |     6 |     6 ||    13
       Meat ration       |       |     1 |       |       ||     1
       Beef jerky        |       |       |     1 |     4 ||     5
       Pizza             |       |       |     1 |       ||     1
Armor: Scale mail        |    30 |     3 |       |       ||    33
       Chain mail        |       |    84 |   163 |   107 ||   354
       Skin              |       |       |     9 |       ||     9
Dodge: Dodged            |    14 |    38 |    47 |    35 ||   134
Block: Shield            |    81 |   235 |   269 |   155 ||   740
       Reflection        |     3 |     1 |     8 |     2 ||    14
